 Dungeon Crawl Stone Soup version 0.31.0-4-g52a2dc7128 (webtiles) character file.

Game seed: 11291009104155243930

221 Curundu the Chopper (level 5, -3/70 HPs)
             Began as a Minotaur Berserker on Jan 21, 2024.
             Was a Believer of Trog.
             Slain by Terence
             ... wielding a +2 falchion of flaming
              (9 damage)
             ... on level 2 of the Dungeon.
             The game lasted 00:04:13 (1368 turns).

Curundu the Chopper (Minotaur Berserker)            Turns: 1368, Time: 00:04:13

Health: -3/70      AC:  2    Str: 23    XL:     5   Next: 65%
Magic:  4/4        EV: 12    Int:  4    God:    Trog [**....]
Gold:   53         SH:  0    Dex: 10    Spells: 4/4 levels left

rFire   . . .        a - +0 hand axe
rCold   . . .        (no shield)
rNeg    . . .        b - +0 animal skin
rPois   .            (helmet restricted)
rElec   .            (no cloak)
rCorr   .            (no gloves)
SInv    .            (no boots)
Will    .....        (no amulet) Stlth
                     (no ring)
HPRegen 0.31/turn    (no ring)
MPRegen 0.09/turn

%: no passive effects
@: berserking, very quick
A: horns 2, retaliatory headbutt
a: Renounce Religion, Berserk, Trog's Hand


You were on level 2 of the Dungeon.
You worshipped Trog.
Trog was pleased with you.
You visited 1 branch of the dungeon, and saw 2 of its levels.

You collected 53 gold pieces.

Inventory:

Hand Weapons
 a - a +0 hand axe (weapon)
Armour
 b - a +0 animal skin (worn)
Wands
 h - a wand of flame (19)
Scrolls
 d - 2 scrolls of teleportation {unknown}
 e - a scroll of identify {unknown}
 g - a scroll of brand weapon {unknown}
Potions
 c - a potion of attraction {unknown}
 f - a potion of brilliance {unknown}
 i - 2 potions of enlightenment {unknown}


   Skills:
 + Level 4.9 Fighting
 + Level 5.7 Axes
 + Level 2.8 Armour
 + Level 3.6 Dodging
 + Level 0.8 Stealth


You had 4 spell levels left.
You didn't know any spells.
Your spell library was empty.

Dungeon Overview and Level Annotations

Branches:
Dungeon (2/15)

Altars:

Annotations:
D:2 Terence


Innate Abilities, Weirdness & Mutations

You have a pair of horns on your head.
You reflexively headbutt those who attack you in melee.


Message History

You slash the jackal!
You kill the jackal!
Trog accepts your kill.
A ribbon worm comes into view.
Found a stone staircase leading up.
Terence shouts!
You slash the ribbon worm!
The ribbon worm is heavily wounded.
The ribbon worm closely misses you.
You hit the ribbon worm but do no damage.
The ribbon worm is moderately wounded.
The ribbon worm closely misses you.
You barely miss the ribbon worm.
The ribbon worm is moderately wounded.
The ribbon worm bites you.
You hit the ribbon worm. You headbutt the ribbon worm!
The ribbon worm is severely wounded.
You barely miss Terence. The ribbon worm bites you!
* * * LOW HITPOINT WARNING * * *
Terence hits you with a +2 falchion of flaming.
* * * LOW HITPOINT WARNING * * *
Terence burns you.
* * * LOW HITPOINT WARNING * * *
You fail to use your ability.
Terence closely misses you.
A red film seems to cover your vision as you go berserk!
You feel yourself moving faster!
You feel mighty!
The ribbon worm expels a string of sticky webbing.
The stream of webbing misses you.
Terence hits you with a +2 falchion of flaming!
* * * LOW HITPOINT WARNING * * *
Terence burns you.
* * * LOW HITPOINT WARNING * * *
You barely miss Terence. You slash the ribbon worm!
You kill the ribbon worm!
Trog accepts your kill.
You hit Terence. You headbutt Terence!
Terence is almost dead.
Terence hits you with a +2 falchion of flaming!
You die...
Terence says, "Rest in peace."

#### ## #######... #.
.>........ #. #####.#.##
#####.####### #. #.##
............ .. #.##
#.........# ## #.##
#....)...)### ##.##
#......@...†## ####..#
#......@..#†.####....###
#.........##)##....##.<.
...<......##....#..##...
..........#...##....#...
#................#......
...........#.####...###.
#####........# .#.# #.
.....@#.. ##.# #.


You could see Terence.

Vanquished Creatures
  Sigmund (D:2)
  An adder (D:2)
  3 dart slugs (D:1)
  A ribbon worm (D:2)
  3 ball pythons
  5 endoplasms
  2 giant cockroaches
  5 hobgoblins
  3 jackals (D:2)
  4 quokkas
  A bat (D:2)
  5 frilled lizards
  6 kobolds
  6 rats
46 creatures vanquished.

Notes
Turn   | Place    | Note
-------+----------+-------------------------------------------
     0 | D:1      | Curundu the Minotaur Berserker began the quest for the Orb.
     0 | D:1      | Reached XP level 1. HP: 19/19 MP: 0/0
    88 | D:1      | HP: 1/20 [kobold/+0 short sword (4)]
   237 | D:1      | Reached XP level 2. HP: 27/27 MP: 1/1
   247 | D:1      | Reached skill level 4 in Axes
   575 | D:1      | Reached XP level 3. HP: 33/33 MP: 2/2
   587 | D:1      | Reached ** piety under Trog
  1105 | D:2      | Noticed Sigmund
  1111 | D:2      | Killed Sigmund
  1112 | D:2      | Reached skill level 5 in Axes
  1112 | D:2      | Reached XP level 4. HP: 41/41 MP: 3/3
  1112 | D:2      | Reached XP level 5. HP: 47/47 MP: 4/4
  1353 | D:2      | Noticed Terence
  1368 | D:2      | Slain by Terence

Illustrated notes

Levels and vault maps discovered:
D:1:      matt_arrival_spirals, layout_rooms, serial_forest,
          infiniplex_forest_end_double, infiniplex_forest_straight_2,
          infiniplex_forest_clump_cross, infiniplex_forest_zigzag_1,
          infiniplex_forest_clump_small, infiniplex_forest_clump_curved,
          infiniplex_forest_clump_long, infiniplex_forest_lined_2,
          chequers_arboretum
D:2:      layout_rooms, uniq_terence, uniq_crazy_yiuf_cottage, uniq_sigmund

Skill      XL: |  1  2  3 |
---------------+----------+-----
Axes           | 4 5 |  5.7
Fighting       | 4 |  4.9
Dodging        | 3 |  3.6
Armour         | |  2.8
Stealth        | |  0.8

Action                     |  1- 3 |  4- 6 || total
---------------------------+-------+-------++-------
  Melee: Hand axe          |    66 |    34 ||   100
         Headbutt          |    13 |     6 ||    19
         Punch             |     1 |       ||     1
 Invoke: Berserk           |     1 |     1 ||     2
    Use: Scroll            |     5 |       ||     5
 Armour: Animal skin       |    25 |    22 ||    47
  Dodge: Dodged            |    42 |    14 ||    56
